 Dungeon Crawl Stone Soup version 0.25-a0-356-g7c9d860b3b (webtiles) character file.

Game seed: 8123961332601926346, levelgen mode: classic

191 Borgoz the Chopper (level 5, 0/32 HPs)
             Began as a Gargoyle Gladiator on Jan 3, 2020.
             Slain by a crocodile (10 damage)
             ... on level 3 of the Dungeon.
             The game lasted 00:02:45 (2357 turns).

Borgoz the Chopper (Gargoyle Gladiator)             Turns: 2357, Time: 00:02:46

Health: 0/32       AC: 19    Str: 18    XL:     5   Next: 70%
Magic:  5/5        EV:  6    Int:  9    God:
Gold:   165        SH:  0    Dex: 11    Spells: 4/4 levels left

rFire    . . .     SeeInvis .   m - +0 mace (curse)
rCold    . . .     Gourm    .   (no shield)
rNeg     + . .     Faith    .   e - +0 plate armour
rPois    ∞         Spirit   .   c - +0 helmet
rElec    +         Reflect  .   l - +2 cloak
rCorr    .         Harm     .   (no gloves)
MR       .....                  (no boots)
Stlth    ..........             (no amulet)
HPRegen  0.10/turn              (no ring)
MPRegen  0.09/turn              (no ring)

@: no status effects
A: negative energy resistance 1, electricity resistance, unbreathing,
petrification resistance, rot immunity, AC +4
a: no special abilities


You were on level 3 of the Dungeon.
You were hungry.

You visited 1 branch of the dungeon, and saw 3 of its levels.

You collected 165 gold pieces.

Inventory:

Hand Weapons
 a - a +0 war axe
 m - a cursed +0 mace (weapon)
 q - a +0 flail
Missiles
 d - 2 throwing nets (quivered)
Armour
 c - a +0 helmet (worn)
 e - a +0 plate armour (worn)
 l - a +2 cloak (worn)
Jewellery
 p - an uncursed ring of protection from cold {unknown}
Scrolls
 g - a scroll of amnesia {unknown}
 h - 2 scrolls of magic mapping {unknown}
 k - 2 scrolls of identify {unknown}
 n - a scroll of teleportation {unknown}
Potions
 b - 2 potions of might {unknown}
 i - a potion of curing {unknown}
 j - 2 potions of magic {unknown}
Comestibles
 f - 8 rations


   Skills:
 + Level 3.5 Fighting
 * Level 4.4 Axes
 - Level 1.7 Throwing
 + Level 2.6 Armour
 - Level 2.4 Dodging


You had 4 spell levels left.
You didn't know any spells.
Your spell library contained the following spells:

 Spells                   Type           Power        Failure   Level  Hunger
 Beastly Appendage        Tmut           #.....       100%        1    ##.....
 Sticks to Snakes         Tmut           #.......     100%        2    ###....
 Spider Form              Tmut/Pois      #.........   100%        3    ####...
 Ice Form                 Ice/Tmut       #.......     100%        4    #####..
 Blade Hands              Tmut           #.........   100%        5    ######.


Dungeon Overview and Level Annotations

Branches:
Dungeon (3/15)

Altars:
Uskayaw
Vehumet
Xom


Innate Abilities, Weirdness & Mutations

You are resistant to torment.
Your stone body is resilient. (AC +4)
You are immune to poison.
You resist negative energy. (rN+)
You are resistant to electric shocks. (rElec)
You can survive without breathing.
You are immune to petrification.
You are immune to rotting.


Message History

The crocodile is lightly wounded.
The crocodile bites you.
Your plate armour prevents you from hitting the crocodile.
The crocodile is lightly wounded.
The crocodile bites you but does no damage.
You barely miss the crocodile.
The crocodile is lightly wounded.
The crocodile bites you but does no damage. x2
You hit the crocodile.
The crocodile is lightly wounded.
The crocodile bites you!
You are too injured to fight recklessly!
You are too injured to fight recklessly!
Throwing (i - inventory)
d - 3 throwing nets (quivered)
Press: ? - help, Shift-Dir - straight line, f - crocodile
Aim: a crocodile (lightly wounded)
You throw a throwing net.
The throwing net closely misses the crocodile.
The crocodile bites you!
You die...

#..........'...'.#.
############...###.
#...# #. #...# ##
#...# #.. #...#
#... #...#
##....########
#####
.......@.....#
#.....t#.....#
#......#.(...#
#......#...[.#
#..(...#.....# #.
##########'### #.
#.......# #.
#.####### #. #.# #.


You could see a crocodile.

Vanquished Creatures
  An orc wizard (D:3)
  Crazy Yiuf (D:2)
  Jessica (D:2)
  2 adders
  An ooze (D:2)
  4 dart slugs (D:1)
  A worm (D:2)
  3 leopard geckos (D:1)
  3 orcs (D:3)
  5 giant cockroaches
  6 goblins
  4 hobgoblins
  7 jackals (D:1)
  A ball python (D:2)
  6 bats
  5 frilled lizards
  12 kobolds
  6 rats
  A bush (D:1)
  2 plants (D:1)
72 creatures vanquished.

Vanquished Creatures (others)
  A plant (D:1)
1 creature vanquished.

Grand Total: 73 creatures vanquished

Notes
Turn   | Place    | Note
-------+----------+-------------------------------------------
     0 | D:1      | Borgoz the Gargoyle Gladiator began the quest for the Orb.
     0 | D:1      | Reached XP level 1. HP: 12/12 MP: 1/1
     2 | D:1      | Noticed a merfolk
     2 | D:1      | Noticed a vampire
     4 | D:1      | Noticed a vine stalker
     4 | D:1      | Noticed a human
     6 | D:1      | Noticed an octopode
     8 | D:1      | Noticed a draconian
     8 | D:1      | Noticed a halfling
    10 | D:1      | Noticed a troll
    12 | D:1      | Noticed a demonspawn
    14 | D:1      | Noticed an elf
    14 | D:1      | Noticed a naga
    16 | D:1      | Noticed a felid
    16 | D:1      | Noticed a demigod
    18 | D:1      | Noticed a formicid
    18 | D:1      | Noticed a gargoyle
    20 | D:1      | Noticed an ogre
    20 | D:1      | Noticed a centaur
    22 | D:1      | Noticed a dwarf
    22 | D:1      | Noticed a ghoul
    24 | D:1      | Noticed a tengu
    26 | D:1      | Noticed a minotaur
    26 | D:1      | Noticed a spriggan
   111 | D:1      | Reached XP level 2. HP: 18/18 MP: 2/2
   128 | D:1      | Reached skill level 3 in Axes
   218 | D:1      | Reached skill level 1 in Armour
   285 | D:1      | Reached XP level 3. HP: 18/22 MP: 3/3
  1080 | D:2      | Found a radiant altar of Vehumet.
  1080 | D:2      | Found a shimmering altar of Xom.
  1086 | D:2      | Reached XP level 4. HP: 27/27 MP: 4/4
  1092 | D:2      | Found a hide-covered altar of Uskayaw.
  1206 | D:2      | Noticed Jessica
  1212 | D:2      | Killed Jessica
  1414 | D:2      | Reached skill level 4 in Axes
  1517 | D:2      | Found a runed translucent door.
  1518 | D:2      | Noticed Crazy Yiuf
  1524 | D:2      | Killed Crazy Yiuf
  1524 | D:2      | Reached XP level 5. HP: 22/32 MP: 5/5
  2349 | D:3      | Noticed a crocodile
  2357 | D:3      | Slain by a crocodile

Levels and vault maps discovered:
D:1:      kb_arrival_jail, layout_basic, lexackson_kobold_supper
D:2:      layout_basic, chequers_temple_overflow_statue_of_worship,
          first_ration, uniq_crazy_yiuf_cottage, uniq_jessica
D:3:      layout_basic

Skill      XL: |  1  2  3  4 |
---------------+-------------+-----
Axes           | 3 4 |  4.4
Armour         | 1 2 |  2.6
Fighting       | 3 |  3.5
Throwing       | |  1.7
Dodging        | |  2.4

Action                   |  1- 3 |  4- 6 || total
-------------------------+-------+-------++-------
Melee: War axe           |   238 |    52 ||   290
       Mace              |       |    59 ||    59
Throw: Throwing net      |       |     1 ||     1
  Eat: Chunk             |     1 |     4 ||     5
Armor: Leather armour    |     6 |       ||     6
       Plate armour      |   138 |   101 ||   239
Dodge: Dodged            |    62 |    41 ||   103

Table legend:
 A = Non-vault XP
 B = Vault XP
 C = Vault XP percentage of total XP
 D = Non-vault monster count
 E = Vault monster count
 F = Vault count percentage of total count
                 A         B        C        D         E       F
            +---------+---------+-------+---------+---------+-------
      Total |     182 |      91 |  33.3 |      59 |      10 |  14.5
            +---------+---------+-------+---------+---------+-------
        D:1 |      67 |      13 |  16.2 |      34 |       8 |  19.0
        D:2 |      41 |      78 |  65.5 |      15 |       2 |  11.8
        D:3 |      74 |       0 |   0.0 |      10 |       0 |   0.0
            +---------+---------+-------+---------+---------+-------
